 Dungeon Crawl Stone Soup version 0.21.1-1-g345015fe64 (webtiles) character file.

7586 Ilves the Severer (level 11, 0/156 HPs)
             Began as a Hill Orc Berserker on Apr 15, 2018.
             Was a High Priest of Trog.
             Succumbed to Sonja's curare-tipped needle
             ... on level 11 of the Dungeon.
             The game lasted 00:19:58 (12894 turns).

Ilves the Severer (Hill Orc Berserker)             Turns: 12894, Time: 00:19:59

Health: 0/156      AC: 15    Str: 26    XL:     11   Next: 17%
Magic:  1/3        EV: 11    Int:  7    God:    Trog [*****.]
Gold:   587        SH:  0    Dex: 13    Spells: 10/10 levels left

rFire    + . .     SeeInvis .   S - +5 broad axe (antimagic)
rCold    . . .     Gourm    .   (no shield)
rNeg     . . .     Faith    .   J - +0 ring mail {rF+}
rPois    .         Spirit   +   K - +1 hat
rElec    .         Reflect  .   a - +0 cloak
rCorr    .         Harm     .   (no gloves)
MR       .....                  P - +2 pair of boots
Stlth    ..........             y - amulet of guardian spirit
HPRegen  0.36/turn              s - +2 ring of protection
MPRegen  0.08/turn              C - +3 ring of protection

@: berserking (expiring), lethally poisoned (0 -> -2), slowed
A: no striking features
a: Berserk, Trog's Hand, Brothers in Arms, Burn Spellbooks, Renounce Religion


You were on level 11 of the Dungeon.
You worshipped Trog.
Trog was extremely pleased with you.
You were very hungry.

You visited 2 branches of the dungeon, and saw 12 of its levels.
You also visited: Ossuary.

You collected 587 gold pieces.

Inventory:

Hand Weapons
 G - the +1 mace "Sarcophage" {protect, rF+ rN+}
   (You found it on level 6 of the Dungeon)

   It protects the one who uses it against injury (+AC on strike).
   It protects you from fire.
   It protects you from negative energy.
 S - a +5 antimagic broad axe (weapon)
Armour
 a - a +0 cloak (worn)
 I - a +0 plate armour
 J - a +0 ring mail of fire resistance (worn)
 K - a +1 hat (worn)
 P - a +2 pair of boots (worn)
Jewellery
 e - the ring "Qucu" {rPois rC+, unknown}
   (You found it on level 4 of the Dungeon)

   [ring of poison resistance]

   It protects you from cold.
   It protects you from poison.
 s - a +2 ring of protection (left hand)
 y - an amulet of guardian spirit (around neck)
 C - a +3 ring of protection (right hand)
Wands
 q - a wand of acid (10)
 O - a wand of disintegration (6)
 Q - a wand of flame (26)
Scrolls
 b - 2 scrolls of fog {unknown}
 f - 4 scrolls of teleportation {unknown}
 g - a scroll of vulnerability {unknown}
 h - 2 scrolls of magic mapping {unknown}
 k - 7 scrolls of remove curse {unknown}
 l - 14 scrolls of identify {unknown}
 m - 4 scrolls of enchant armour {unknown}
 n - a scroll of random uselessness {unknown}
 o - 2 scrolls of fear {unknown}
 r - 2 scrolls of enchant weapon {unknown}
 z - a scroll of noise {unknown}
 D - 2 scrolls of amnesia {unknown}
 E - a scroll of acquirement {unknown}
 H - a scroll of blinking {unknown}
 R - a scroll of summoning {unknown}
Potions
 d - 2 potions of agility {unknown}
 i - 5 potions of heal wounds {unknown}
 j - 2 potions of cancellation {unknown}
 p - a potion of brilliance {unknown}
 t - 2 potions of flight {unknown}
 u - 7 potions of curing
 v - 2 potions of lignification {unknown}
 w - a potion of ambrosia {unknown}
 A - 3 potions of haste {unknown}
 B - 3 potions of berserk rage {unknown}
 L - a potion of mutation {unknown}
 M - a potion of might {unknown}
Books
 x - a book of Minor Magic

   Spells                             Type                      Level
   a - Magic Dart                     Conjuration                  1
   b - Blink                          Translocation                2
   c - Call Imp                       Summoning                    2
   d - Slow                           Hexes                        2
   e - Conjure Flame                  Conjuration/Fire             3
   f - Mephitic Cloud                 Conjuration/Poison/Air       3
   Trog disapproves of the use of such an item.
Comestibles
 c - 23 rations
 F - 9 chunks of flesh


   Skills:
 + Level 12.1 Fighting
 + Level 17.0 Axes
 - Level 2.1 Armour
 - Level 1.5 Dodging


You had 10 spell levels left.
You didn't know any spells.

Dungeon Overview and Level Annotations

Branches:
Dungeon (11/15)            Temple (1/1) D:6            Lair (0/6) D:9
    Orc: D:9-12

Altars:
Ashenzari
Cheibriados
Dithmenos
Elyvilon
Fedhas
Gozag
Hepliaklqana
Kikubaaqudgha
Makhleb
Nemelex Xobeh
Okawaru
Qazlal
Ru
Sif Muna
Trog
Uskayaw
Vehumet
Wu Jian
Xom
Yredelemnul
Zin
The Shining One

Annotations:
D:10 Sonja


Message History

You are feeling very hungry.
You feel sick. The troll bites you!
* * * LOW HITPOINT WARNING * * *
The troll closely misses you. The troll claws you.
* * * LOW HITPOINT WARNING * * *
You slice the troll!!
You feel the power of Trog in you as your rage grows.
You kill the troll!
Trog accepts your kill.
Your Axes skill increases to level 17!
Unknown command.
You are too berserk!
You are too berserk!
* * * LOW HITPOINT WARNING * * *
You feel sick.
There is a stone staircase leading up here.
You feel a strong urge to attack something.
* * * LOW HITPOINT WARNING * * *
You feel sick.
You die...

.# .. .######## #
..#.... #.
#.....# #..
#...#.###.#
..#...#..........
........@...#
#$###.####.## ..
... #. .### # .#
.# ##


There were no monsters in sight!

Vanquished Creatures
  2 two-headed ogres
  Joseph (D:7)
  Psyche (D:8)
  2 trolls
  Prince Ribbit (D:6)
  A hippogriff (D:9)
  A spriggan (D:8)
  Eustachio (D:6)
  A water moccasin (D:9)
  A porcupine (D:9)
  3 orc warriors
  An ice beast (D:8)
  A sky beast (D:8)
  3 black bears
  4 ogres
  3 phantoms
  4 centaurs
  A crocodile (D:9)
  5 bullfrogs
  A big kobold (D:10)
  4 scorpions
  4 killer bees (D:9)
  6 wights
  A howler monkey (D:7)
  A quasit (D:4)
  2 crimson imps (D:9)
  7 orc priests
  7 hounds
  A jelly (D:5)
  Crazy Yiuf (D:6)
  2 bullfrog skeletons (D:6)
  4 iguanas
  6 worker ants
  A centaur skeleton (D:9)
  11 orc wizards
  13 mummies (Ossuary)
  A worker ant zombie (D:6)
  A howler monkey zombie (D:6)
  7 gnolls
  5 adders
  2 shadow imps
  A worm zombie (D:8)
  An adder skeleton (D:4)
  3 worms
  3 dart slugs
  6 leopard geckos
  37 orcs
  5 giant cockroaches
  9 goblins
  10 hobgoblins
  11 jackals
  14 kobolds
  4 quokkas
  12 bats
  7 frilled lizards
  5 gnoll skeletons (Ossuary)
  A goblin skeleton (Ossuary)
  A jackal skeleton (D:6)
  2 kobold skeletons (Ossuary)
  A leopard gecko skeleton (D:5)
  A quokka skeleton (D:4)
  2 rats
  11 rat skeletons (Ossuary)
  A fungus (D:9)
273 creatures vanquished.

Notes
Turn   | Place    | Note
-------+----------+-------------------------------------------
     0 | D:1      | Ilves the Hill Orc Berserker began the quest for the Orb.
     0 | D:1      | Reached XP level 1. HP: 19/19 MP: 1/1
   220 | D:1      | Reached XP level 2. HP: 22/27 MP: 2/2
  1017 | D:2      | Reached skill level 5 in Axes
  1017 | D:2      | Reached XP level 3. HP: 34/34 MP: 3/3
  2292 | D:3      | Reached XP level 4. HP: 41/41 MP: 4/4
  2327 | D:3      | Reached skill level 6 in Axes
  2736 | D:3      | Reached ** piety under Trog
  2774 | D:3      | Found a faded altar of an unknown god.
  2891 | D:3      | Found a white marble altar of Elyvilon.
  3067 | D:3      | Reached XP level 5. HP: 47/47 MP: 5/5
  3328 | D:4      | Reached skill level 5 in Fighting
  3842 | D:3      | Reached skill level 7 in Axes
  4342 | D:4      | Reached XP level 6. HP: 53/56 MP: 2/6
  4421 | D:4      | Got a fine turquoise ring
  4578 | D:4      | Reached skill level 8 in Axes
  5230 | D:4      | Reached XP level 7. HP: 63/63 MP: 4/7
  5300 | D:4      | Reached *** piety under Trog
  5300 | D:4      | Reached skill level 9 in Axes
  5908 | D:4      | Noticed a two-headed ogre
  5921 | D:4      | Killed a two-headed ogre
  5921 | D:4      | Reached skill level 11 in Axes
  5921 | D:4      | Reached XP level 8. HP: 33/73 MP: 3/8
  6274 | D:5      | Entered Level 5 of the Dungeon
  7114 | D:5      | Reached skill level 12 in Axes
  7392 | D:5      | Reached XP level 9. HP: 43/82 MP: 4/9
  8331 | D:6      | Found a staircase to the Ecumenical Temple.
  8376 | D:6      | Reached skill level 13 in Axes
  8477 | Temple   | Entered the Ecumenical Temple
  8774 | D:6      | Noticed Prince Ribbit
  8784 | D:6      | Killed Prince Ribbit
  8836 | D:6      | Noticed Eustachio
  8851 | D:6      | Killed Eustachio
  9095 | D:6      | Found a runed door.
  9165 | D:6      | Noticed Crazy Yiuf
  9175 | D:6      | Killed Crazy Yiuf
  9185 | D:6      | Got a polished mace
  9245 | D:6      | Identified the +1 mace "Sarcophage" {protect, rF+ rN+} (You found it on level 6 of the Dungeon)
  9321 | D:7      | Found a stormy altar of Qazlal.
  9683 | D:7      | Reached skill level 14 in Axes
  9710 | D:7      | Reached **** piety under Trog
  9756 | D:7      | Reached skill level 10 in Fighting
  9892 | D:7      | Noticed Joseph
  9906 | D:7      | Killed Joseph
  9906 | D:7      | Reached XP level 10. HP: 62/94 MP: 4/10
 10842 | D:8      | Noticed Psyche
 10855 | D:8      | Killed Psyche
 10855 | D:8      | Reached skill level 15 in Axes
 11148 | D:8      | Found a sand-covered staircase.
 11160 | Ossuary  | Entered an ossuary
 11368 | Ossuary  | Reached ***** piety under Trog
 11507 | D:8      | Found a sacrificial altar of Ru.
 12038 | D:9      | Noticed a two-headed ogre
 12054 | D:9      | Killed a two-headed ogre
 12054 | D:9      | Reached skill level 16 in Axes
 12337 | D:9      | Found a radiant altar of Vehumet.
 12406 | D:9      | Received a gift from Trog
 12406 | D:9      | Reached XP level 11. HP: 96/104 MP: 11/11
 12481 | D:9      | Found a staircase to the Lair.
 12533 | D:10     | Entered Level 10 of the Dungeon
 12880 | D:10     | Noticed Sonja
 12890 | D:11     | HP: 3/156 [troll (12)]
 12891 | D:11     | Reached skill level 17 in Axes
 12892 | D:11     | HP: 1/156 [poisoned by Sonja (curare-tipped needle)]
 12894 | D:11     | Succumbed to Sonja's curare-tipped needle

Skill      XL: |  1  2  3  4  5  6  7  8  9 10 11 |
---------------+----------------------------------+-----
Fighting       | 4 5 6 7 8 10 11 12 | 12.1
Axes           | 5 6 7 8 11 12 14 16 17 | 17.0
Armour         | |  2.1
Dodging        | |  1.5

Action                   |  1- 3 |  4- 6 |  7- 9 | 10-12 || total
-------------------------+-------+-------+-------+-------++-------
Melee: Hand axe          |   121 |   185 |   234 |       ||   540
       War axe           |       |       |   134 |   258 ||   392
       Broad axe         |       |       |       |    54 ||    54
Invok: Berserk           |     1 |     3 |     7 |     3 ||    14
  Eat: Chunk             |     4 |    12 |    18 |     9 ||    43
       Ration            |       |       |     1 |     1 ||     2
Armor: Ring mail         |    60 |    77 |   107 |   102 ||   346
       Animal skin       |     1 |       |       |       ||     1
Dodge: Dodged            |    89 |   133 |   165 |   121 ||   508
